 Dungeon Crawl Stone Soup version 0.32-a0-132-g2d33c3cfaf (webtiles) character file.

Game seed: 18432595581747131149

238 CougarLife the Digger (level 6, 0/44 HPs)
             Began as a Gnoll Earth Elementalist on Feb 10, 2024.
             Slain by a goblin
             ... wielding a +0 flail
             ... led by Robin
              (5 damage)
             ... on level 4 of the Dungeon.
             The game lasted 00:03:48 (3169 turns).

CougarLife the Digger (Gnoll Earth Elementalist)    Turns: 3169, Time: 00:03:49

Health: 0/44       AC:  4    Str:  8    XL:     6   Next: 7%
Magic:  12/14      EV: 13    Int: 16    God:
Gold:   139        SH:  0    Dex: 12    Spells: 11/15 levels left

rFire   . . .        g - +0 dagger
rCold   . . .        (no shield)
rNeg    . . .        a - +0 robe
rPois   .            (no helmet)
rElec   .            r - +1 cloak
rCorr   .            (no gloves)
SInv    +            (no boots)
Will    .....        (no amulet)
Stlth   +++          d - ring of wizardry
HPRegen 0.27/turn    j - ring of see invisible
MPRegen 0.14/turn

%: wizardry (x1)
@: no status effects
A: fangs 1, strong nose, distributed training
a: no special abilities


You were on level 4 of the Dungeon.
You visited 2 branches of the dungeon, and saw 5 of its levels.

You collected 139 gold pieces.

Inventory:

Hand Weapons
 g - a +0 dagger (weapon)
Armour
 a - a +0 robe (worn)
 r - a +1 cloak (worn)
Jewellery
 d - a ring of wizardry (left hand)
 j - a ring of see invisible (right hand)
Scrolls
 c - a scroll of fear {unknown}
 f - a scroll of enchant armour {unknown}
 h - 2 scrolls of revelation {unknown}
 i - 2 scrolls of torment {unknown}
 k - a scroll of immolation {unknown}
 m - a scroll of butterflies {unknown}
 n - 3 scrolls of identify {unknown}
 o - a scroll of teleportation {unknown}
 s - a scroll of poison {unknown}
Potions
 b - a potion of magic
 e - a potion of cancellation {unknown}
 l - 2 potions of curing {unknown}
 p - a potion of haste {unknown}
 q - a potion of ambrosia {unknown}


   Skills:
 + Level 1.8 Fighting
 + Level 1.8 Short Blades
 + Level 1.8 Long Blades
 + Level 1.8 Axes
 + Level 1.8 Maces & Flails
 + Level 1.8 Polearms
 + Level 1.8 Staves
 + Level 1.8 Ranged Weapons
 + Level 1.8 Throwing
 + Level 1.8 Armour
 + Level 4.9 Dodging
 + Level 4.5 Stealth
 + Level 1.8 Shields
 + Level 1.8 Unarmed Combat
 + Level 5.3 Spellcasting
 + Level 2.6 Conjurations
 + Level 1.4 Hexes
 + Level 1.4 Summonings
 + Level 1.4 Necromancy
 + Level 1.4 Translocations
 + Level 1.4 Fire Magic
 + Level 1.4 Ice Magic
 + Level 1.4 Air Magic
 + Level 5.6 Earth Magic
 + Level 1.4 Alchemy
 + Level 2.0 Invocations
 + Level 1.8 Evocations
 + Level 1.6 Shapeshifting


You had 11 spell levels left.
You knew the following spells:

 Your Spells              Type           Power      Damage    Failure   Level
a - Sandblast             Erth           44%        2d11      1%          1
b - Stone Arrow           Conj/Erth      34%        3d9       3%          3

Your spell library contained the following spells:

 Spells                   Type           Power      Damage    Failure   Level
 Passwall                 Erth           22%        N/A       1%          3
 Brom's Barrelling Bould  Conj/Erth      17%        2d4       11%         4
 Petrify                  Alch/Erth      15%        N/A       14%         4


Dungeon Overview and Level Annotations

Branches:
Dungeon (4/15)             Temple (1/1) D:4

Altars:
Dithmenos
Kikubaaqudgha
Makhleb
Okawaru
Qazlal
Ru
Sif Muna
Yredelemnul
Zin

Annotations:
D:4 Robin


Innate Abilities, Weirdness & Mutations

You have very sharp teeth.
Your uncanny sense of smell can sniff out nearby items.
Your experience applies equally to all skills.


Message History

The orc wizard shouts!
The goblin shouts!
You hear a shout! x2
A goblin comes into view. It is wielding a +0 club.
A goblin comes into view. It is wielding a +0 dagger.
The goblin shouts!
You hear a shout!
The blast of sand misses the orc wizard.
A goblin comes into view. It is wielding a +0 club. x3
Robin of the Strong Arm comes into view.
They are wielding a +0 trident.
The blast of sand hits the orc wizard but does no damage.
The orc wizard is moderately wounded.
The goblin shouts!
You hear a shout!
The orc wizard points at you and mumbles some strange words.
You are confused.
A hobgoblin comes into view.
A goblin comes into view. It is wielding a +0 flail.
You're too confused to cast spells.
You are too confused!
Unknown command.
The orc wizard closely misses you.
You hit the iguana but do no damage.
The orc wizard hits you with a +0 dagger.
The iguana bites you. Robin throws the goblin at you!
The orc wizard points at you and mumbles some strange words.
The magic dart hits you!
The iguana bites you but does no damage.
You hit the goblin.
The goblin is severely wounded.
The goblin barely misses you. The iguana bites you!
A goblin comes into view. It is wielding a +2 dagger of venom.
The goblin misses you.
You bump into the rock wall.
The goblin barely misses you. The hobgoblin misses you. The iguana bites you!
* * * LOW HITPOINT WARNING * * *
The goblin hits you with a +0 club.
* * * LOW HITPOINT WARNING * * *
The goblin hits you with a +0 dagger.
* * * LOW HITPOINT WARNING * * *
You're too confused to move!
You feel less confused. The goblin hits you with a +0 flail.
You die...

#.....# #..
#######.....#######
∆ #..
#...........#.....#
#..
#...........#.....#
.....
#...........#.....#
###..
#######............
#.. #####og......
#.. #glg..... #..
#@ggg...? #..
#gggg.... ###
#........ ..
#........ ##
#........ #........
#........ #........


You could see an iguana, Robin, an orc wizard, 2 hobgoblins and 7 goblins.

Vanquished Creatures
  A jelly (D:4)
  Crazy Yiuf (D:4)
  2 orc priests
  5 adders
  2 ribbon worms
  A dart slug (D:4)
  11 orcs
  5 endoplasms
  2 giant cockroaches (D:1)
  7 goblins
  A hobgoblin (D:4)
  3 kobolds
  5 quokkas
  5 ball pythons
  3 bats
  3 frilled lizards
  3 rats
60 creatures vanquished.

Notes
Turn   | Place    | Note
-------+----------+-------------------------------------------
     0 | D:1      | CougarLife the Gnoll Earth Elementalist began the quest for
                  | the Orb.
     0 | D:1      | Reached XP level 1. HP: 13/13 MP: 6/6
   203 | D:1      | Reached XP level 2. HP: 19/19 MP: 5/7
   937 | D:2      | Reached skill level 5 in Spellcasting
   937 | D:2      | Reached XP level 3. HP: 25/25 MP: 6/9
   939 | D:2      | Reached skill level 1 in Invocations
   943 | D:2      | Learned a level 3 spell: Stone Arrow
  1048 | D:2      | Reached skill level 1 in Fighting
  1048 | D:2      | Reached skill level 1 in Short Blades
  1048 | D:2      | Reached skill level 1 in Long Blades
  1048 | D:2      | Reached skill level 1 in Axes
  1048 | D:2      | Reached skill level 1 in Maces & Flails
  1048 | D:2      | Reached skill level 1 in Polearms
  1048 | D:2      | Reached skill level 1 in Staves
  1048 | D:2      | Reached skill level 1 in Ranged Weapons
  1048 | D:2      | Reached skill level 1 in Throwing
  1048 | D:2      | Reached skill level 1 in Armour
  1048 | D:2      | Reached skill level 1 in Shields
  1048 | D:2      | Reached skill level 1 in Unarmed Combat
  1048 | D:2      | Reached skill level 1 in Evocations
  1360 | D:2      | You fall into a shaft and drop 2 floors!
  1363 | D:4      | Found a staircase to the Ecumenical Temple.
  1374 | D:4      | Reached skill level 1 in Shapeshifting
  1374 | D:4      | Reached XP level 4. HP: 29/32 MP: 8/11
  1391 | Temple   | Entered the Ecumenical Temple
  1882 | D:3      | HP: 1/32 [orc/+2 war axe of flaming (2)]
  2169 | D:3      | Reached skill level 1 in Hexes
  2169 | D:3      | Reached skill level 1 in Summonings
  2169 | D:3      | Reached skill level 1 in Necromancy
  2169 | D:3      | Reached skill level 1 in Translocations
  2169 | D:3      | Reached skill level 1 in Fire Magic
  2169 | D:3      | Reached skill level 1 in Ice Magic
  2169 | D:3      | Reached skill level 1 in Air Magic
  2169 | D:3      | Reached skill level 1 in Alchemy
  2263 | D:3      | Reached XP level 5. HP: 24/37 MP: 8/12
  2810 | D:4      | Found a runed translucent door.
  2811 | D:4      | Noticed Crazy Yiuf
  2818 | D:4      | Killed Crazy Yiuf
  2819 | D:4      | Reached XP level 6. HP: 31/44 MP: 4/13
  3103 | D:4      | Found a shadowy altar of Dithmenos.
  3162 | D:4      | Noticed Robin
  3169 | D:4      | Slain by a goblin

Illustrated notes

Levels and vault maps discovered:
D:1:      onia_arrival_mini_spirals, layout_rooms
D:2:      layout_basic, serial_park_tiny_2
D:3:      layout_loops_ring
D:4:      layout_basic, nicolae_dithmenos_the_darkroom,
          minmay_temple_entry_grid, uniq_crazy_yiuf_cottage, uniq_robin
Temple:   nicolae_temple_superstar

Skill      XL: |  1  2  3  4  5 |
---------------+----------------+-----
Conjurations   | 2 |  2.6
Spellcasting   | 5 |  5.3
Invocations    | 1 2 |  2.0
Fighting       | 1 |  1.8
Short Blades   | 1 |  1.8
Long Blades    | 1 |  1.8
Axes           | 1 |  1.8
Maces & Flails | 1 |  1.8
Polearms       | 1 |  1.8
Staves         | 1 |  1.8
Ranged Weapons | 1 |  1.8
Throwing       | 1 |  1.8
Armour         | 1 |  1.8
Shields        | 1 |  1.8
Unarmed Combat | 1 |  1.8
Evocations     | 1 |  1.8
Shapeshifting  | 1 |  1.6
Hexes          | 1 |  1.4
Summonings     | 1 |  1.4
Necromancy     | 1 |  1.4
Translocations | 1 |  1.4
Fire Magic     | 1 |  1.4
Ice Magic      | 1 |  1.4
Air Magic      | 1 |  1.4
Alchemy        | 1 |  1.4
Dodging        | |  4.9
Stealth        | |  4.5
Earth Magic    | |  5.6

Action                     |  1- 3 |  4- 6 || total
---------------------------+-------+-------++-------
  Melee: Dagger            |       |     2 ||     2
   Cast: Sandblast         |    41 |    53 ||    94
         Stone Arrow       |       |     1 ||     1
 Armour: Robe              |     2 |    28 ||    30
  Dodge: Dodged            |     6 |    29 ||    35

Table legend: (Time is in decaauts)
 A = Elapsed time spent in this place.
 B = Non-inter-level travel time spent in this place.
 C = Inter-level travel time spent in this place.
 D = Time resting spent in this place.
 E = Time spent auto-exploring this place.
 F = Levels seen in this place.
 G = Mean time per level.
                   A        B        C        D        E       F      G
               +--------+--------+--------+--------+--------+-----+--------+
         Total |   3213 |   3040 |    173 |    117 |   2518 |   5 |  642.6 |
       Dungeon |   3207 |   3034 |    173 |    117 |   2513 |   4 |  801.8 |
        Temple |      6 |      6 |      0 |      0 |      5 |   1 |    6.0 |
               +--------+--------+--------+--------+--------+-----+--------+

Top non-repeatable levels by time:
     D:3: 962 daAuts
     D:2: 917 daAuts
     D:1: 746 daAuts
     D:4: 581 daAuts
  Temple: 6 daAuts
